 Dungeon Crawl Stone Soup version 0.18-a0-912-g81d1dc4 (webtiles) character file.

380 JokEr the Insei (level 6, -2/43 HPs)
             Began as an Octopode Transmuter on Dec 25, 2015.
             Slain by an iguana (15 damage)
             ... on level 4 of the Dungeon.
             The game lasted 00:11:01 (5400 turns).

JokEr the Insei (Octopode Transmuter)               Turns: 5400, Time: 00:11:01

Health: -2/43      AC:  1    Str:  9    XL:     6   Next: 75%
Magic:  9/9        EV: 12    Int: 18    God:
Gold:   264        SH:  0    Dex: 12    Spells: 2 memorised, 4 levels left

rFire  . . .     SeeInvis .       - Unarmed
rCold  . . .     Gourm    .     (no shield)
rNeg   . . .     Faith    .     (helmet restricted)
rPois  .         Spirit   .     (no amulet)
rElec  .         Dismiss  .     j - ring of stealth
rCorr  .         Reflect  .     (no ring)
SustAt .         Harm     .     (no ring)
MR     .....                    (no ring)
Stlth  +++.......               (no ring)
                                (no ring)
                                (no ring)
                                (no ring)

@: appendage (expiring), not resistant to hostile enchantments, fairly stealthy
A: almost no armour, amphibious, 8 rings, constrict 8, tentacle spike 3,
camouflage 1, gelatinous body 1
a: End Transformation


You were on level 4 of the Dungeon.
You were not hungry.
One of your tentacles had a temporary spike.
You visited 1 branch of the dungeon, and saw 4 of its levels.

You collected 264 gold pieces.

Inventory:

Missiles
 a - 109 arrows
Jewellery
 j - a ring of stealth (left tentacle)
Scrolls
 m - 3 scrolls of identify
Potions
 d - a potion of haste {unknown}
 e - 3 potions of degeneration
 g - 2 potions of curing
 h - a potion of beneficial mutation {unknown}
 k - 2 potions of flight {unknown}
 l - 3 potions of brilliance {unknown}
 n - 2 potions of poison {unknown}
 o - a potion of lignification {unknown}
 r - a potion of might {unknown}
Books
 b - a book of Changes

   Spells                             Type                      Level
   a - Beastly Appendage              Transmutation                1
   b - Sticks to Snakes               Transmutation                2
   c - Spider Form                    Transmutation/Poison         3
   d - Ice Form                       Ice/Transmutation            4
   e - Blade Hands                    Transmutation                5
Comestibles
 c - 4 bread rations
 f - 3 fruits
 i - 2 meat rations
 p - 2 chunks of flesh
 q - a beef jerky


   Skills:
 + Level 3.7 Fighting
 - Level 2.0 Dodging
 + Level 4.9 Unarmed Combat
 - Level 2.0 Spellcasting
 - Level 3.3 Transmutations
 + Level 2.4 Ice Magic


You had 4 spell levels left.
You knew the following spells:

 Your Spells              Type           Power        Failure   Level  Hunger
a - Beastly Appendage     Trmt           ##....       6%          1    #......
b - Ice Form              Ice/Trmt       ##......     67%         4    #####..


Dungeon Overview and Level Annotations

Branches:
Dungeon (4/15)
 Temple: D:4-7

Altars:
Okawaru
Ru


Innate Abilities, Weirdness & Mutations

You cannot wear most types of armour.
You are amphibious.
You can wear up to eight rings at the same time.
You can use your tentacles to constrict eight enemies at once.
Your skin changes colour to match your surroundings (Stealth).
Your rubbery body absorbs attacks (AC +1).
One of your tentacles bears a large vicious spike.


Message History

The iguana is moderately wounded.
You constrict the iguana, but do no damage.
The iguana misses you.
You completely miss the iguana.
You pierce the iguana, but do no damage.
The iguana is moderately wounded.
You constrict the iguana. The iguana completely misses you.
You tentacle-slap the iguana but do no damage.
The iguana is moderately wounded.
You constrict the iguana, but do no damage.
The iguana bites you.
You tentacle-slap the iguana but do no damage.
You pierce the iguana.
The iguana is heavily wounded.
You constrict the iguana. The iguana bites you!
You tentacle-slap the iguana.
You squeeze the iguana, but do no damage.
The iguana is heavily wounded.
You constrict the iguana. The iguana bites you!
You die...

.......#.#.##.# #.# ###.
...........##.# #.# #.
......####.##.###.#######.
........##.#..............
.....#.##.######.........
...........# #.........
######.....# #########.
#.....# #. #...@.# #.
#...l..# ## #......#
###....# #....# #....#
#....# #....#


You could see an iguana.

Vanquished Creatures
  A giant frog (D:4)
  A centaur skeleton (D:4)
  Jessica (D:2)
  Natasha (thrice) (D:3)
  Robin (D:2)
  12 adders
  2 oozes (D:3)
  3 worms
  A giant gecko (D:1)
  10 bats
  23 goblins
  11 hobgoblins
  7 jackals
  3 ball pythons
  3 giant cockroaches
  8 giant newts
  7 kobolds
  2 quokkas
  8 rats
107 creatures vanquished.

Notes
Turn   | Place    | Note
--------------------------------------------------------------
     0 | D:1      | JokEr the Octopode Transmuter began the quest for the Orb.
     0 | D:1      | Reached XP level 1. HP: 13/13 MP: 3/3
   248 | D:1      | Reached XP level 2. HP: 16/18 MP: 5/5
   861 | D:1      | Reached XP level 3. HP: 12/23 MP: 4/6
  1507 | D:2      | Reached XP level 4. HP: 20/29 MP: 5/7
  2046 | D:2      | Found a sacrificial altar of Ru.
  2670 | D:2      | Noticed Jessica
  2847 | D:2      | Reached skill level 4 in Unarmed Combat
  2859 | D:2      | Killed Jessica
  2859 | D:2      | Reached XP level 5. HP: 24/36 MP: 6/8
  2968 | D:2      | Learned a level 4 spell: Ice Form
  3237 | D:2      | Noticed Robin
  3244 | D:2      | Killed Robin
  3433 | D:3      | Found an iron altar of Okawaru.
  3487 | D:3      | Reached skill level 1 in Ice Magic
  4104 | D:3      | Reached XP level 6. HP: 18/42 MP: 7/9
  4303 | D:3      | Noticed Natasha
  4312 | D:3      | Killed Natasha
  4477 | D:3      | Noticed Natasha
  4491 | D:3      | Killed Natasha
  4518 | D:3      | Noticed Natasha
  4522 | D:3      | Killed Natasha
  5400 | D:4      | Slain by an iguana

Vault maps used:
D:1:      minmay_arrival_four_circles, st_stairs_3
D:2:      kennysheep_goblin_castle, nicolae_ru_path_of_blood, uniq_jessica
D:3:      okawaru_metal_pillars_1_2, uniq_natasha
D:4:      minmay_liquid_box

Action                   |  1- 3 |  4- 6 || total
-------------------------+-------+-------++-------
Melee: Unarmed           |    68 |   206 ||   274
 Cast: Beastly Appendage |    14 |    37 ||    51
  Use: Scroll            |     2 |     5 ||     7
 Stab: Sleeping          |       |     8 ||     8
  Eat: Chunk             |     2 |    12 ||    14
       Fruit             |       |     1 ||     1
